 Dungeon Crawl Stone Soup version 0.32-a0-872-g59262bdc9b (webtiles) character file.

Game seed: 8025679298173441484

361 smashvw the Shield-Bearer (level 6, -2/56 HPs)
             Began as a Minotaur Fighter on Mar 30, 2024.
             Was a Follower of Elyvilon.
             Slain by an ufetubus (4 damage)
             ... on level 5 of the Dungeon.
             The game lasted 00:05:20 (2008 turns).

smashvw the Shield-Bearer (Minotaur Fighter)        Turns: 2008, Time: 00:05:21

Health: -2/56      AC: -8    Str: 22    XL:     6   Next: 38%
Magic:  5/5        EV:  8    Int:  5    God:    Elyvilon [*.....]
Gold:   211        SH:  4    Dex: 10    Spells: 5/5 levels left

rFire   . . .        a - +0 war axe
rCold   . . .        c - +0 buckler
rNeg    . . .        b - +0 scale mail
rPois   .            (helmet restricted)
rElec   .            (no cloak)
rCorr   .            (no gloves)
SInv    .            (no boots)
Will    .....        (no amulet) Stlth
                     (no ring)
HPRegen 0.29/turn    (no ring)
MPRegen 0.09/turn

%: no passive effects
@: corroded
A: horns 2, retaliatory headbutt
a: Renounce Religion, Purification


You were on level 5 of the Dungeon.
You worshipped Elyvilon.
Elyvilon was aware of your devotion.
You visited 1 branch of the dungeon, and saw 4 of its levels.

You collected 211 gold pieces.

Inventory:

Hand Weapons
 a - a +0 war axe (weapon)
Armour
 b - a +0 scale mail (worn)
 c - a +0 buckler (worn)
Wands
 s - a wand of polymorph (10)
Scrolls
 e - a scroll of enchant weapon {unknown}
 f - 2 scrolls of revelation {unknown}
 g - a scroll of identify {unknown}
 k - a scroll of noise {unknown}
 n - a scroll of poison {unknown}
 o - a scroll of teleportation {unknown}
 p - 2 scrolls of vulnerability {unknown}
 q - 2 scrolls of amnesia {unknown}
 r - a scroll of fog {unknown}
Potions
 d - a potion of might
 h - a potion of attraction {unknown}
 i - a potion of haste {unknown}
 j - 2 potions of heal wounds {unknown}
 l - 2 potions of curing {unknown}
 m - a potion of degeneration {unknown}
 t - 2 potions of brilliance {unknown}


   Skills:
 + Level 5.3 Fighting
 + Level 4.5 Axes
 + Level 5.3 Armour
 + Level 5.4 Shields


You had 5 spell levels left.
You didn't know any spells.
Your spell library was empty.

Dungeon Overview and Level Annotations

Branches:
Dungeon (3/15)

Altars:
Ashenzari
Elyvilon
Fedhas

Shops:
D:1 (


Innate Abilities, Weirdness & Mutations

You have a pair of horns on your head.
You reflexively headbutt those who attack you in melee.


Message History

Found a sedimented brown potion.
The orc shouts!
An ufetubus comes into view.
The orc moves out of view.
Found a chain mail.
Found a stone staircase leading down.
You hit the jelly. The acid corrodes you!
Your hands burn!
The jelly is lightly wounded.
The jelly hits you. The acid corrodes you!
You are splashed with acid!
You hit the jelly. The acid corrodes you!
Your hands burn!
The jelly is moderately wounded.
You barely miss the orc. You hit the ufetubus.
The ufetubus barely misses you. x2
The jelly hits you.
You are splashed with acid!
The orc closely misses you. The ufetubus slips past you!
The ufetubus hits you. x2
You block the jelly's attack. The orc closely misses you.
You are too injured to fight recklessly!
You are too injured to fight recklessly!
You are too injured to fight recklessly!
You are too injured to fight recklessly!
You closely miss the ufetubus. Your headbutt misses the ufetubus.
The ufetubus is moderately wounded.
You barely miss the orc. You hit the jelly. The acid corrodes you!
Your hands burn!
The ufetubus hits you.
* * * LOW HITPOINT WARNING * * *
The ufetubus hits you.
* * * LOW HITPOINT WARNING * * *
The orc hits you with a +0 vampiric hand axe!
* * * LOW HITPOINT WARNING * * *
You block the ufetubus's attack. The ufetubus hits you.
* * * LOW HITPOINT WARNING * * *
The jelly hits you.
* * * LOW HITPOINT WARNING * * *
You are splashed with acid.
Elyvilon protects you from harm!
You hit the ufetubus.
You headbutt the ufetubus, but do no damage.
The ufetubus is severely wounded.
You hit the orc. You hit the jelly but do no damage.
Your hands burn!
* * * LOW HITPOINT WARNING * * *
The ufetubus hits you.
You die...

.[. . #
###.###.#
..#.#.....#.#
$.#.....#.#
..[......#
#...>.#.# .
#.oJ..#.#
!..###@###.#
#...5.....#
..........######
#.##...........#
###########.#
#.# #.#
###########.#
#...........#


You could see a jelly, an ufetubus and an orc.

Vanquished Creatures
  Grinder (D:3)
  A bombardier beetle (D:3)
  Ijyb (D:3)
  5 adders
  2 dart slugs
  A ribbon worm (D:2)
  An orc (D:3)
  7 ball pythons
  7 bats
  11 endoplasms
  A giant cockroach (D:1)
  12 goblins
  2 hobgoblins (D:1)
  5 kobolds
  6 quokkas
  A frilled lizard (D:1)
  6 rats
70 creatures vanquished.

Notes
Turn   | Place    | Note
-------+----------+-------------------------------------------
     0 | D:1      | smashvw the Minotaur Fighter began the quest for the Orb.
     0 | D:1      | Reached XP level 1. HP: 19/19 MP: 0/0
   110 | D:1      | Found Umi Bas's Weapon Emporium.
   123 | D:1      | Reached XP level 2. HP: 17/27 MP: 1/1
   419 | D:1      | Reached XP level 3. HP: 33/33 MP: 2/2
   804 | D:2      | Reached XP level 4. HP: 41/41 MP: 3/3
  1295 | D:3      | Found a white marble altar of Elyvilon.
  1382 | D:3      | Became a worshipper of Elyvilon the Healer
  1401 | D:3      | Found a faded altar of an unknown god.
  1513 | D:3      | Found a blossoming altar of Fedhas.
  1533 | D:3      | Reached XP level 5. HP: 40/47 MP: 4/4
  1606 | D:3      | Noticed Ijyb
  1608 | D:3      | Found a broken altar of Ashenzari.
  1611 | D:3      | Killed Ijyb
  1752 | D:3      | Noticed Grinder
  1755 | D:3      | Paralysed by Grinder for 5 turns
  1768 | D:3      | Paralysed by Grinder for 2 turns
  1770 | D:3      | Killed Grinder
  1771 | D:3      | Reached skill level 5 in Fighting
  1771 | D:3      | Reached skill level 5 in Armour
  1771 | D:3      | Reached skill level 5 in Shields
  1771 | D:3      | Reached XP level 6. HP: 25/56 MP: 5/5
  1942 | D:3      | You fall into a shaft and drop 2 floors!
  1942 | D:5      | Entered Level 5 of the Dungeon
  1951 | D:5      | Reached * piety under Elyvilon
  2007 | D:5      | Elyvilon protects you from harm!
  2008 | D:5      | HP: 1/56 [acid (2)]
  2008 | D:5      | Slain by an ufetubus

Illustrated notes

Levels and vault maps discovered:
D:1:      dpeg_arrival_castle, layout_rooms, serial_shops,
          nicolae_shop_scrapyard, chequers_decorated_corner
D:2:      layout_rooms
D:3:      layout_loops_cross, mainiacjoe_overflow_brackets,
          mainiacjoe_overflow_tiny_flanked, nicolae_ashenzari_panopticon,
          shapermc_ecumenical_altar_flowoftime, uniq_grinder, uniq_ijyb
D:5:      cheibrodos_quashed, layout_basic, slow_altar_1,
          nicolae_dithmenos_the_darkroom, grunt_decor_clamped, st_stairs_3,
          uniq_eustachio, uniq_blork_the_orc

Skill      XL: |  1  2  3  4  5 |
---------------+----------------+-----
Armour         | 4 5 |  5.3
Shields        | 4 5 |  5.4
Fighting       | 4 5 |  5.3
Axes           | 3 4 |  4.5

Action                     |  1- 3 |  4- 6 || total
---------------------------+-------+-------++-------
  Melee: War axe           |    86 |    74 ||   160
         Headbutt          |    10 |     8 ||    18
 Armour: Scale mail        |    78 |    59 ||   137
  Dodge: Dodged            |    44 |    45 ||    89
  Block: Buckler           |    19 |    23 ||    42

Table legend: (Time is in decaauts)
 A = Elapsed time spent in this place.
 B = Non-inter-level travel time spent in this place.
 C = Inter-level travel time spent in this place.
 D = Time resting spent in this place.
 E = Time spent auto-exploring this place.
 F = Levels seen in this place.
 G = Mean time per level.
                   A        B        C        D        E       F      G
               +--------+--------+--------+--------+--------+-----+--------+
         Total |   2074 |   1964 |    110 |      0 |   1514 |   4 |  518.5 |
       Dungeon |   2074 |   1964 |    110 |      0 |   1514 |   4 |  518.5 |
               +--------+--------+--------+--------+--------+-----+--------+

Top non-repeatable levels by time:
     D:3: 735 daAuts
     D:1: 665 daAuts
     D:2: 604 daAuts
     D:5: 68 daAuts
